 Dungeon Crawl Stone Soup version 0.26-a0-952-g76694b35de (webtiles) character file.

Game seed: 11370413582658830090

3 marklar909 the Sneak (level 1, -1/22 HPs)
             Began as a Troll Delver on Nov 30, 2020.
             Slain by a hound (3 damage)
             ... on level 4 of the Dungeon.
             The game lasted 00:00:18 (79 turns).

marklar909 the Sneak (Troll Delver)                   Turns: 79, Time: 00:00:19

Health: -1/22      AC:  6    Str: 19    XL:     1   Next: 41%
Magic:  0/0        EV: 10    Int:  6    God:
Gold:   36         SH:  0    Dex: 11    Spells: 0/0 levels left

rFire    . . .     SeeInvis .     - Unarmed
rCold    . . .     Faith    .   (no shield)
rNeg     . . .     Spirit   .   a - +0 robe
rPois    .         Reflect  .   (helmet restricted)
rElec    .         Harm     .   (no cloak)
rCorr    .         Rampage  .   (gloves unavailable)
MR       .....                  (boots unavailable)
Stlth    ++........             (no amulet)
HPRegen  0.47/turn              (no ring)
MPRegen  0.07/turn              (no ring)

@: no status effects
A: large, unfitting armour, claws 3, regeneration 1, shaggy fur 1, tough skin 3
a: no special abilities


You were on level 4 of the Dungeon.
You visited 1 branch of the dungeon, and saw 2 of its levels.

You collected 36 gold pieces.

Inventory:

Armour
 a - a +0 robe (worn)
Wands
 f - a wand of digging (3)
Scrolls
 b - a scroll of fog
 c - a scroll of magic mapping
 d - a scroll of fear
Potions
 e - a potion of haste
 g - a potion of degeneration {unknown}


   Skills:
 + Level 2.4 Fighting
 + Level 1.5 Dodging
 + Level 2.8 Stealth
 + Level 2.0 Unarmed Combat


You couldn't memorise any spells.
You didn't know any spells.
Your spell library was empty.

Dungeon Overview and Level Annotations

Branches:
Dungeon (5/15)
 Temple: D:4-7

Altars:
Ashenzari


Innate Abilities, Weirdness & Mutations

You are too large for most types of armour.
You have claws for hands.
Your natural rate of healing is unusually fast.
You are covered in fur. (AC +1)
You have extremely tough skin. (AC +3)


Message History

You are too injured to fight recklessly!
You are too injured to fight recklessly!
Unknown command.
The gnoll barely misses you.
You see here a worm corpse.
The hound barks!
The hound bites you but does no damage.
You miss the hound. The hound bites you. The gnoll hits you but does no damage.
The hound barely misses you.
You scratch the hound.
The hound is moderately wounded.
The gnoll hits you but does no damage. The hound bites you.
You claw the hound!
The hound is almost dead.
The hound bites you.
* * * LOW HITPOINT WARNING * * *
The gnoll hits you from afar with a +0 spear.
* * * LOW HITPOINT WARNING * * *
The hound bites you.
You die...

...#..# #... ..#######
..###.# #..# #.... ..#
..###.# #..+ +..# #g# #
..###.# #..#+#..# #.#.#
.....g###.!...g#####.#.#
g....(........g..g.gg..#
.###################.###
.# ###########g# .#####
......h@.ggg# .....#
############# .....#
.....# >....# .....#
.....# ....## ..#B#


You could see a hound and 4 gnolls.

Vanquished Creatures
  A worm (D:4)
1 creature vanquished.

Notes
Turn   | Place    | Note
-------+----------+-------------------------------------------
     0 | D:5      | marklar909 the Troll Delver began the quest for the Orb.
     0 | D:5      | Reached XP level 1. HP: 22/22 MP: 0/0
    24 | D:5      | Noticed an ogre
    27 | D:4      | Noticed a worker ant
    32 | D:4      | Found a broken altar of Ashenzari.
    71 | D:4      | Noticed a hound
    79 | D:4      | Slain by a hound

Illustrated notes

Levels and vault maps discovered:
D:4:      layout_basic, kennysheep_mini_moat, temple_hall,
          cheibrodos_ashenzari_chains
D:5:      layout_basic, general_overflow_altar

Action                   || total
-------------------------++-------
Melee: Unarmed           ||     6
Armor: Robe              ||     2
Dodge: Dodged            ||    12

Table legend: (Time is in decaauts)
 A = Elapsed time spent in this place.
 B = Non-inter-level travel time spent in this place.
 C = Inter-level travel time spent in this place.
 D = Time resting spent in this place.
 E = Time spent auto-exploring this place.
 F = Levels seen in this place.
 G = Mean time per level.
                   A        B        C        D        E       F      G
               +--------+--------+--------+--------+--------+-----+--------+
         Total |     78 |     78 |      0 |      0 |     22 |   2 |   39.0 |
       Dungeon |     78 |     78 |      0 |      0 |     22 |   2 |   39.0 |
               +--------+--------+--------+--------+--------+-----+--------+

Top non-repeatable levels by time:
     D:4: 51 daAuts
     D:5: 27 daAuts
